 Dungeon Crawl Stone Soup version 0.31.0-1-g2c135a0 (webtiles) character file.

Game seed: 12976333728414198238

1110 mezmerelda the Protected (level 8, -6/70 HPs)
             Began as a Hill Orc Fighter on Feb 9, 2024.
             Was a Follower of Makhleb.
             Mangled by a gnoll sergeant
             ... wielding a +3 antimagic spear
              (14 damage)
             ... on level 6 of the Dungeon.
             The game lasted 00:14:18 (4814 turns).

mezmerelda the Protected (Hill Orc Fighter)         Turns: 4814, Time: 00:14:20

Health: -6/70      AC: 12    Str: 21    XL:     8   Next: 33%
Magic:  0/8        EV:  9    Int:  8    God:    Makhleb [*.....]
Gold:   251        SH: 10    Dex: 10    Spells: 7/7 levels left

rFire   . . .        a - +0 war axe
rCold   . . .        c - +0 buckler
rNeg    . . .        b - +0 scale mail
rPois   .            (no helmet)
rElec   .            v - +0 cloak
rCorr   .            f - +0 pair of gloves
SInv    .            q - +0 pair of boots
Will    .....        y - amulet of reflection Stlth
                     (no ring)
HPRegen 0.31/turn    (no ring)
MPRegen 0.11/turn

%: reflection
@: mighty, studying Long Blades
A: no striking features
a: Renounce Religion


You were on level 6 of the Dungeon.
You worshipped Makhleb.
Makhleb was aware of your devotion.
You visited 2 branches of the dungeon, and saw 7 of its levels.

You collected 251 gold pieces.

Inventory:

Hand Weapons
 a - a +0 war axe (weapon)
 s - a +1 dagger of draining
Armour
 b - a +0 scale mail (worn)
 c - a +0 buckler (worn)
 f - a +0 pair of gloves (worn)
 q - a +0 pair of boots (worn)
 v - a +0 cloak (worn)
Jewellery
 y - an amulet of reflection (around neck)
Scrolls
 h - a scroll of poison {unknown}
 l - 2 scrolls of noise {unknown}
 m - a scroll of enchant armour {unknown}
 n - 4 scrolls of teleportation
 o - 2 scrolls of amnesia {unknown}
 t - a scroll of summoning {unknown}
 u - a scroll of silence {unknown}
 w - a scroll of revelation {unknown}
 A - a scroll of fog {unknown}
 B - a scroll of enchant weapon {unknown}
Potions
 e - 2 potions of magic
 g - a potion of lignification {unknown}
 i - a potion of berserk rage
 j - 4 potions of heal wounds
 k - a potion of invisibility {unknown}
 p - a potion of cancellation {unknown}
 r - 4 potions of mutation
 x - a potion of resistance {unknown}
 z - a potion of brilliance {unknown}


   Skills:
 - Level 6.0 Fighting
 + Level 6.4 Axes
 - Level 8.0 Armour
 - Level 5.0 Shields


You had 7 spell levels left.
You didn't know any spells.
Your spell library contained the following spells:

 Spells                   Type           Power      Damage    Failure   Level
 Freeze                   Ice            0%         1d3       77%         1
 Magic Dart               Conj           0%         1d3       77%         1
 Summon Small Mammal      Summ           0%         N/A       77%         1
 Blink                    Tloc           0%         N/A       88%         2
 Call Imp                 Summ           0%         N/A       88%         2
 Lesser Beckoning         Tloc           0%         N/A       88%         2
 Momentum Strike          Conj/Tloc      0%         3d8       88%         2
 Call Canine Familiar     Summ           0%         N/A       98%         3
 Frozen Ramparts          Ice            0%         1d1       98%         3
 Hailstorm                Conj/Ice       0%         3d5       98%         3
 Sigil of Binding         Hex            0%         N/A       98%         3
 Dimensional Bullseye     Hex/Tloc       0%         N/A       100%        4
 Summon Blazeheart Golem  Fire/Summ      0%         N/A       100%        4


Dungeon Overview and Level Annotations

Branches:
Dungeon (6/15)             Temple (1/1) D:4

Altars:
Ashenzari
Dithmenos
Elyvilon
Gozag
Hepliaklqana
Makhleb
Nemelex Xobeh
Okawaru
Qazlal
Ru
Trog
Uskayaw
Vehumet
The Shining One

Annotations:
D:5 1 runed translucent door


Message History

The gnoll sergeant hits you from afar with a +3 antimagic spear.
You feel your power leaking away. The gnoll hits you but does no damage.
You slash the gnoll!
The gnoll is almost dead.
The gnoll hits you with a +0 flail! The gnoll barely misses you.
The gnoll sergeant completely misses you.
You barely miss the gnoll.
The gnoll is almost dead.
You block the gnoll's attack.
The gnoll sergeant hits you from afar with a +3 antimagic spear.
You block the gnoll's attack.
The gnoll sergeant hits you but does no damage.
The gnoll hits you with a +0 flail. The gnoll barely misses you.
You barely miss the gnoll.
The gnoll is almost dead.
The gnoll hits you with a +0 flail!
* * * LOW HITPOINT WARNING * * *
The gnoll sergeant hits you from afar with a +3 antimagic spear!
* * * LOW HITPOINT WARNING * * *
The gnoll barely misses you.
You feel much better. The gnoll closely misses you.
You block the gnoll's attack.
The gnoll sergeant hits you from afar with a +3 antimagic spear.
* * * LOW HITPOINT WARNING * * *
You closely miss the gnoll.
The gnoll is almost dead.
The gnoll hits you with a +0 flail.
* * * LOW HITPOINT WARNING * * *
The gnoll sergeant hits you but does no damage.
The gnoll hits you from afar with a +0 spear.
* * * LOW HITPOINT WARNING * * *
You slash the gnoll!
You kill the gnoll!
Makhleb accepts your kill.
You feel better.
The gnoll hits you from afar with a +0 spear.
* * * LOW HITPOINT WARNING * * *
The gnoll sergeant hits you from afar with a +3 antimagic spear!
You die...

#.# #.# # ### #.#######
.# ..# #.##....# .#.#
##.# #.##....#####g..###
.#.# #.##.#..##.@)g.....
#.<###.##....##.##g.####
##...#..............#
#..........#.#...##>#
.#.#.#####.#......#
##...# #..........#
#...# #..#######.#
..>... ...#...$.#.#
<###.# ###.#...$.#...


You could see a gnoll sergeant and 2 gnolls.

Vanquished Creatures
  The ghost of Biscolet the Trooper, an amateur OnWr of Zin (D:5)
  A black bear (D:6)
  An ogre (D:5)
  A phantom (D:5)
  A kobold brigand (D:4)
  A scorpion (D:5)
  2 hounds (D:5)
  2 bombardier beetles
  A jelly (D:5)
  A sleepcap (D:4)
  5 orc wizards
  2 gnolls (D:6)
  8 adders
  2 dart slugs
  3 ribbon worms
  7 orcs
  4 ball pythons
  8 bats
  11 endoplasms
  6 giant cockroaches
  3 goblins
  6 hobgoblins
  4 quokkas
  4 frilled lizards
  7 kobolds
  4 rats
96 creatures vanquished.

Notes
Turn   | Place    | Note
-------+----------+-------------------------------------------
     0 | D:1      | mezmerelda the Hill Orc Fighter began the quest for the
                  | Orb.
     0 | D:1      | Reached XP level 1. HP: 19/19 MP: 1/1
   161 | D:1      | Reached XP level 2. HP: 27/27 MP: 2/2
   230 | D:2      | Found a faded altar of an unknown god.
   352 | D:2      | Reached XP level 3. HP: 34/34 MP: 3/3
   425 | D:3      | Reached skill level 5 in Fighting
   425 | D:3      | Reached XP level 4. HP: 42/42 MP: 4/4
   437 | D:3      | Reached skill level 5 in Axes
   437 | D:3      | Reached XP level 5. HP: 42/48 MP: 5/5
   535 | D:4      | Found a staircase to the Ecumenical Temple.
   546 | Temple   | Entered the Ecumenical Temple
   559 | Temple   | Became a worshipper of Makhleb the Destroyer
  1929 | D:3      | Found a broken altar of Ashenzari.
  2400 | D:4      | Reached * piety under Makhleb
  2779 | D:4      | Noticed a kobold brigand
  2786 | D:4      | Reached XP level 6. HP: 57/57 MP: 6/6
  2954 | D:4      | Reached skill level 4 in Armour
  3429 | D:5      | Entered Level 5 of the Dungeon
  3489 | D:5      | Reached XP level 7. HP: 42/63 MP: 7/7
  3716 | D:5      | Reached skill level 5 in Armour
  3716 | D:5      | Reached skill level 5 in Shields
  3922 | D:5      | Found a radiant altar of Vehumet.
  4007 | D:5      | Reached skill level 6 in Armour
  4219 | D:5      | Found a runed translucent door.
  4224 | D:5      | Noticed Biscolet's ghost (amateur OnWr)
  4239 | D:5      | Found a runed translucent door.
  4274 | D:5      | Killed Biscolet's ghost
  4275 | D:5      | Reached skill level 7 in Armour
  4275 | D:5      | Reached XP level 8. HP: 70/70 MP: 8/8
  4703 | D:6      | Found a sacrificial altar of Ru.
  4719 | D:6      | Reached skill level 8 in Armour
  4814 | D:6      | Mangled by a gnoll sergeant

Illustrated notes

Levels and vault maps discovered:
D:1:      kennysheep_arrival_seaside, layout_basic, minmay_tripent
D:2:      layout_rooms, nicolae_ecumenical_pavilion
D:3:      layout_loops_corners, mainiacjoe_overflow_24_doors, grunt_ministairs_4
D:4:      layout_loops_corners, minmay_temple_entry_grid, minmay_manual_mess
D:5:      layout_basic, mainiacjoe_overflow_tiny_flanked, ebering_ghost_sewer_f,
          lightli_corner_chamber
D:6:      layout_loops_ring, amcnicky_altar_gilded,
          mainiacjoe_overflow_alcove_1, nicolae_ossuary_entry_catacombs
Temple:   hellmonk_temple_of_storms

Skill      XL: |  1  2  3  4  5  6  7  8 |
---------------+-------------------------+-----
Axes           | 3 4 5 6 |  6.4
Fighting       | 4 5 6 |  6.0
Armour         | 4 7 8 |  8.0
Shields        | 4 5 |  5.0

Action                     |  1- 3 |  4- 6 |  7- 9 || total
---------------------------+-------+-------+-------++-------
  Melee: War axe           |    45 |   162 |   138 ||   345
    Use: Scroll            |       |     5 |       ||     5
         Potion            |       |       |     3 ||     3
 Armour: Scale mail        |    30 |    95 |   128 ||   253
  Dodge: Dodged            |    16 |    55 |    47 ||   118
  Block: Buckler           |     9 |    35 |    75 ||   119
         Reflection        |       |     1 |     1 ||     2
